AoeStats
← TheRattlesnake

Arabia

507537760Analyzed
3v3 RM · 12d ago on Sep 18, 2026· 33m 51s· 6 players
Game mode
Random Map
Map size
Normal (6 player)
Population
200
Speed
Normal
Resources
Standard
Victory
Conquest
Starting age
Dark Age
Ending age
Imperial Age
RankedLock teamsTeams togetherTeam positionsShared explorationLock speedFull tech treeHidden civsTurbo modeCheats
Victory
Defeat
🇦🇷 Burgundians · Argentina
1156
+17
🇦🇷 Saracens · Argentina
1145
+18
🇦🇷 Franks · Argentina
1137
+18
🇬🇧 Bohemians · United Kingdom
1184
-18
🇬🇷 Slavs · Greece
1180
-18
🇬🇷 Chinese · Greece
1173
-17
Neno
6:44 Loom
10:10 Feudal Age
10:56 Double-Bit Axe
10:53 Horse Collar
14:01 Fletching
19:02 Wheelbarrow
22:58 Castle Age
23:38 Bodkin Arrow
23:08 Crossbowman
28:12 Hand Cart
28:13 Gold Mining
28:18 Stone Mining
28:57 Bow Saw
31:22 Thumb Ring
31:19 Padded Archer Armor
31:35 Town Watch
32:05 Town Watch
Profesor Cocoon
5:18 Double-Bit Axe
6:52 Loom
9:57 Feudal Age
10:54 Bow Saw
12:05 Horse Collar
17:03 Forging
17:59 Heavy Plow
18:19 Gold Mining
23:30 Castle Age
22:23 Scale Barding Armor
23:59 Cavalier
25:46 Gold Shaft Mining
26:32 Chain Barding Armor
27:22 Iron Casting
29:12 Padded Archer Armor
29:42 Pikeman
Cipollini
3:56 Loom
10:28 Feudal Age
23:24 Castle Age
23:10 Forging
23:06 Scale Barding Armor
29:16 Chain Barding Armor
34:06 Fletching
TheMamba
6:57 Loom
9:14 Feudal Age
10:57 Horse Collar
14:34 Double-Bit Axe
21:47 Castle Age
20:44 Scale Barding Armor
20:51 Forging
22:36 Husbandry
21:57 Light Cavalry
22:31 Horse Collar
26:52 Heavy Plow
28:05 Chain Barding Armor
28:21 Iron Casting
30:18 Iron Casting
35:10 Imperial Age
33:25 Wheelbarrow
33:02 Padded Archer Armor
TheSalamander
8:33 Loom
10:24 Feudal Age
8:48 Loom
11:25 Man-at-Arms
14:09 Double-Bit Axe
15:48 Fletching
16:59 Padded Archer Armor
19:01 Scale Mail Armor
19:11 Forging
19:38 Forging
24:08 Castle Age
24:14 Gold Mining
24:14 Horse Collar
25:06 Elite Skirmisher
26:21 Squires
26:02 Long Swordsman
27:57 Bow Saw
28:29 Pikeman
31:41 Heavy Plow
32:59 Iron Casting
32:24 Bodkin Arrow
TheRattlesnake
0:26 Loom
9:33 Feudal Age
10:02 Double-Bit Axe
9:58 Horse Collar
14:45 Forging
19:03 Wheelbarrow
23:36 Castle Age
21:34 Gold Mining
22:01 Fletching
22:11 Padded Archer Armor
23:49 Padded Archer Armor
23:37 Crossbowman
24:13 Bodkin Arrow
25:38 Heavy Plow
26:02 Fervor
27:31 Thumb Ring
30:23 Ballistics
30:34 Hand Cart
32:26 Leather Archer Armor
Connection lost

Rejoining the realm…

Still unreachable

The connection could not be restored.

Session expired

The server has moved on; the page needs a fresh start.